[Event "Team 45 45 League T48"]
[Site "Internet Chess Club"]
[Date "2011.02.10"]
[Round "1"]
[White "JohLeb"]
[Black "Lyko"]
[Result "1-0"]
[WhiteElo "1421"]
[BlackElo "1403"]
[Opening "Nimzo-Indian: three knights variation"]
[ECO "E21"]
[Time "14:28:15"]
[TimeControl "2700+45"]

1. d4 Nf6 2. c4 e6 3. Nf3 Bb4+ 4. Nc3 Ne4 5. Qc2 Nxc3 6. bxc3 Be7 7. e4 d5 8. e5
b6 9. cxd5 Qxd5 10. c4 Qd8 11. Bd3 g6 12. Bh6 Bb7 13. Be4 Bb4+ 14. Ke2 Nc6 15.
Rad1 Bf8 16. Bg5 Be7 17. Bh6 Nb4 18. Qb1 Bxe4 19. Qxe4 Bf8 20. Bxf8 Kxf8 21. Rd2
Kg7 22. Rhd1 Qc8 23. d5 exd5 24. cxd5 Qa6+ 25. Ke1 Nxa2 26. e6 Nc3 27. Qe5+ Kg8
28. Qxc3 fxe6 29. dxe6 Re8 30. Rd8 Qb5 31. Qe5 Qb4+ 32. Kf1 Qc4+ 33. Kg1 Qc6 34.
Qf6 Qa4 35. Qf7# {Black checkmated} 1-0

[Event "Team 45 45 League T48"]
[Site "Internet Chess Club"]
[Date "2011.02.12"]
[Round "1"]
[White "matthewc"]
[Black "witchfynder"]
[Result "1-0"]
[WhiteElo "1455"]
[BlackElo "1363"]
[Opening "Sicilian: Najdorf, Opocensky variation"]
[ECO "B92"]
[Time "16:58:35"]
[TimeControl "2700+45"]

1. e4 c5 2. Nf3 d6 3. d4 cxd4 4. Nxd4 Nf6 5. Nc3 a6 6. Be2 e5 7. Nb3 Be7 8. f3
Qb6 9. Qd3 O-O 10. Be3 Qc7 11. g4 Be6 12. Nd5 Nxd5 13. exd5 Bd7 14. h4 Bb5 15.
c4 Bxc4 16. Qxc4 Qd8 17. g5 Nd7 18. Qe4 f5 19. gxf6 Nxf6 20. Qd3 Nh5 21. Bg5 Nf4
22. Bxf4 Rxf4 23. O-O-O Rc8+ 24. Kb1 Bxh4 25. Rdg1 Bf2 26. Qxh7+ Kf7 27. Rxg7+
Kf6 28. Qg6# {Black checkmated} 1-0

[Event "Team 45 45 League T48"]
[Site "Internet Chess Club"]
[Date "2011.02.15"]
[Round "1"]
[White "Aquaman"]
[Black "JimGaming"]
[Result "1-0"]
[WhiteElo "1343"]
[BlackElo "1275"]
[Opening "Réti opening"]
[ECO "A05"]
[Time "20:00:19"]
[TimeControl "2700+45"]

1. Nf3 Nf6 2. g3 d5 3. Bg2 c6 4. d3 Bf5 5. h3 h6 6. O-O e6 7. Nbd2 Be7 8. Re1
Nbd7 9. e4 dxe4 10. dxe4 Bh7 11. c4 Nc5 12. Ne5 O-O 13. b4 Nd3 14. Nxd3 Qxd3 15.
a3 Rfd8 16. Re3 Qd4 17. Rb1 Qxc4 18. Bf1 Qd4 19. Rd3 Qb6 20. Rxd8+ Rxd8 21. Qe2
Qd4 22. Bg2 Qd3 23. Qxd3 Rxd3 24. f3 Nh5 25. Kf2 Bd6 26. Ke2 Rc3 27. Nf1 Rc2+
28. Bd2 Ra2 29. Rb3 Nxg3+ 30. Nxg3 Bxg3 31. Rd3 g5 32. Kd1 Ra1+ 33. Bc1 Bf4 34.
Rc3 Bxc1 35. Rxc1 Rxa3 36. Rc4 Ra4 37. Bf1 Ra1+ 38. Ke2 Ra2+ 39. Ke3 Ra3+ 40.
Kf2 f5 41. exf5 Bxf5 42. Rd4 Ra2+ 43. Kg3 h5 44. h4 g4 45. fxg4 Ra3+ 46. Kf2
Bxg4 47. Rd8+ Kf7 48. Rd7+ Kf6 49. Rxb7 Bf3 50. Rb8 Kf5 51. Rf8+ Ke4 52. Bh3 Bg4
53. Bg2+ Bf3 54. Bh3 Ra2+ 55. Kg3 Bh1 56. Rf4+ Ke3 57. Rf6 Bd5 58. Rh6 Ra1 59.
Rxh5 Rg1+ 60. Kh2 Rh1+ 61. Kg3 Rg1+ 62. Kh2 Rh1+ 63. Kg3 Kd4 64. Rh7 Kc4 65.
Rxa7 Kxb4 66. Rb7+ Kc5 67. Rb2 e5 68. h5 Kd6 69. h6 Bg8 70. Rb7 Rg1+ 71. Kh4 Rg6
72. Kh5 Rg3 73. Bg4 e4 74. h7 Bxh7 75. Rxh7 e3 76. Kh4 Rxg4+ 77. Kxg4 e2 78. Rh1
Kd5 79. Re1 Kd4 80. Kf3 c5 81. Rxe2 c4 82. Rd2+ Kc3 83. Ke2 Kb3 84. Kd1 c3 85.
Re2 Kb4 86. Kc2 Kc4 87. Re3 Kb4 88. Rxc3 Ka4 89. Rc8 Kb4 90. Rc7 Kb5 91. Kc3 Kb6
92. Rc8 Kb7 93. Rc4 Kb6 94. Kb4 Kb7 95. Rc5 Kb6 96. Kc4 Kb7 97. Kb5 Kb8 98. Kb6
Ka8 99. Rc8# {Black checkmated} 1-0

[Event "Team 45 45 League T48"]
[Site "Internet Chess Club"]
[Date "2011.02.12"]
[Round "1"]
[White "DarkFlow"]
[Black "check-man"]
[Result "1-0"]
[WhiteElo "1920"]
[BlackElo "1663"]
[Opening "Sicilian: accelerated fianchetto, Maróczy bind, 6.Be3"]
[ECO "B38"]
[Time "07:30:13"]
[TimeControl "2700+45"]

1. e4 c5 2. Nf3 g6 3. c4 Bg7 4. d4 cxd4 5. Nxd4 Nc6 6. Be3 Nf6 7. Nc3 O-O 8. Be2
e6 9. Ndb5 Qa5 10. O-O Rd8 11. Nd6 Ne8 12. Nxe8 Rxe8 13. Qd2 b6 14. Rfd1 Rd8 15.
Bg5 f6 16. Be3 Bb7 17. a3 f5 18. b4 Qe5 19. Nb5 Qxa1 20. Rxa1 Bxa1 21. exf5 exf5
22. Nd6 Bc8 23. c5 h5 24. Qa2+ Kh7 25. Qxa1 Rf8 26. b5 f4 27. Bd2 Na5 28. Qe5
Nb7 29. Bf3 Nxd6 30. Qxd6 Bb7 31. Bxb7 Rae8 32. cxb6 axb6 33. Kf1 Rf7 34. Bxf4
Rfe7 35. Be3 Rf7 36. Qxb6 {Black resigns} 1-0

[Event "Team 45 45 League T48"]
[Site "Internet Chess Club"]
[Date "2011.02.13"]
[Round "1"]
[White "rook9999"]
[Black "Grenadier"]
[Result "1/2-1/2"]
[WhiteElo "1777"]
[BlackElo "1763"]
[Opening "Caro-Kann: exchange variation"]
[ECO "B13"]
[Time "20:00:21"]
[TimeControl "2700+45"]

1. e4 c6 2. d4 d5 3. exd5 cxd5 4. Bd3 Nc6 5. Nf3 Bg4 6. c3 Nf6 7. Bf4 e6 8. Nbd2
Bd6 9. Bxd6 Qxd6 10. Qa4 O-O 11. O-O a6 12. Rfe1 b5 13. Qc2 Rac8 14. Qb1 Qf4 15.
Be2 Bf5 16. Qd1 Be4 17. h3 Rfe8 18. a4 b4 19. Bxa6 Rc7 20. Bb5 bxc3 21. bxc3
Rec8 22. Bxc6 Rxc6 23. Nxe4 Nxe4 24. Qc1 Qf5 25. a5 Rxc3 26. Qb1 Rxf3 27. gxf3
Qxf3 28. Rxe4 dxe4 29. Qb7 Rf8 30. a6 Qxh3 31. Qxe4 Qc3 32. Rb1 Qa5 33. Qb7 g6
34. a7 Qg5+ 35. Kf1 Qa5 36. Qb8 Qa6+ 37. Kg1 Qa4 38. Qxf8+ Kxf8 39. Rb8+ Kg7 40.
a8=Q Qd1+ 41. Kg2 Qg4+ 42. Kh2 Qh4+ 43. Kg1 Qg4+ 44. Qg2 Qd1+ 45. Kh2 Qxd4 46.
Rb7 Qe5+ 47. Qg3 Qh5+ 48. Kg2 Qd5+ 49. Qf3 Qg5+ 50. Kh3 Qh6+ 51. Kg2 Qg5+ 52.
Kf1 Qc1+ 53. Ke2 Qc2+ 54. Ke1 Qc1+ 55. Ke2 Qc2+ {Game drawn by mutual agreement}
1/2-1/2

[Event "Team 45 45 League T48"]
[Site "Internet Chess Club"]
[Date "2011.02.13"]
[Round "1"]
[White "GoIrish"]
[Black "mmf00"]
[Result "0-1"]
[WhiteElo "1527"]
[BlackElo "1934"]
[Opening "Réti: King's Indian attack"]
[ECO "A05"]
[Time "20:03:07"]
[TimeControl "2700+45"]

1. Nf3 Nf6 2. g3 g6 3. Bg2 Bg7 4. O-O O-O 5. d3 d6 6. e4 c5 7. c3 Nc6 8. Nbd2 d5
9. Re1 dxe4 10. Nxe4 Nxe4 11. dxe4 Be6 12. Qc2 Qa5 13. Bf4 Rfd8 14. a3 c4 15.
Rad1 Qb5 16. Ng5 Bd7 17. Rd2 h6 18. Nf3 Be6 19. Red1 Qa5 20. Nd4 Bd7 21. b4 Qb6
22. a4 Nxd4 23. cxd4 Rac8 24. b5 Bg4 25. Re1 Bxd4 26. Bxh6 c3 27. Rxd4 Qxd4 28.
e5 Qd3 29. Be4 Qxc2 30. Bxc2 Bf5 31. Bxf5 gxf5 32. Rc1 c2 33. Rf1 Rd1 34. Kg2
c1=Q 35. Bxc1 Rcxc1 36. Rxd1 Rxd1 {White resigns} 0-1

[Event "Team 45 45 League T48"]
[Site "Internet Chess Club"]
[Date "2011.02.13"]
[Round "1"]
[White "Mymas"]
[Black "Esslinger"]
[Result "0-1"]
[WhiteElo "1403"]
[BlackElo "1343"]
[Opening "Scandinavian (center counter) defense"]
[ECO "B01"]
[Time "18:02:00"]
[TimeControl "2700+45"]

1. e4 d5 2. exd5 Qxd5 3. Nc3 Qd8 4. Nf3 Nf6 5. Bb5+ Bd7 6. Bxd7+ Nbxd7 7. d4 e6
8. O-O Be7 9. d5 exd5 10. Nxd5 O-O 11. Be3 c6 12. Nxe7+ Qxe7 13. Re1 Qd8 14. Qe2
Qc7 15. Rad1 Nb6 16. Bxb6 Qxb6 17. Rb1 Rfe8 18. Qd2 Rad8 19. Rxe8+ Rxe8 20. Qd4
Qxd4 21. Nxd4 Rd8 22. c3 Kf8 23. Re1 Re8 24. Kf1 Rxe1+ 25. Kxe1 Ke8 26. Ke2 Kd7
27. h3 Nd5 28. Kf3 g6 29. Ke4 Kd6 30. f4 Nf6+ 31. Ke3 Kd5 32. Nf3 h6 33. Ne5 Ke6
34. g4 Nd5+ 35. Ke4 f5+ 36. Kf3 g5 37. Nd3 Kf6 38. c4 fxg4+ 39. hxg4 Nxf4 40.
Nxf4 gxf4 41. Kxf4 Ke6 42. b3 c5 43. Ke4 Kf6 44. Kf4 a6 45. a3 a5 46. Ke4 Kg5
47. Kf3 Kf6 48. Kf4 Ke6 49. Kg3 Kf6 50. Kh4 Kg6 51. Kg3 Kf6 52. Kh4 Kg6 53. Kg3
Kf6 54. Kf4 Ke6 55. a4 Kf6 56. Ke3 Ke5 57. Kf3 Kf6 58. Kg3 Kg5 59. Kf3 Kf6 60.
Kg2 Kg6 61. Kh2 h5 62. gxh5+ Kxh5 63. Kg3 Kg5 64. Kf3 Kf5 65. Ke3 Ke5 66. Kd3
Kf4 67. Kd2 Ke4 68. Kc3 Ke3 69. Kc2 Ke2 70. Kc3 Kd1 71. Kd3 Kc1 72. Kc3 Kb1 73.
Kd2 Kb2 74. Kd3 Kxb3 75. Kd2 Kxc4 {White resigns} 0-1

[Event "Team 45 45 League T48"]
[Site "Internet Chess Club"]
[Date "2011.02.14"]
[Round "1"]
[White "SugarIslander"]
[Black "zepled37"]
[Result "1-0"]
[WhiteElo "1679"]
[BlackElo "1651"]
[Opening "QGD: Tartakower (Makagonov-Bondarevsky) system"]
[ECO "D58"]
[Time "17:30:55"]
[TimeControl "2700+45"]

1. d4 d5 2. c4 e6 3. Nf3 Nf6 4. Bg5 Be7 5. e3 O-O 6. Nc3 h6 7. Bh4 b6 8. Be2 Bb7
9. cxd5 exd5 10. O-O c5 11. b3 Nbd7 12. Bg3 Rc8 13. Rc1 Re8 14. h3 Nf8 15. a4 a6
16. Ne5 Ne6 17. Bf3 Ng5 18. Be2 Nge4 19. Nxe4 Nxe4 20. Bh2 Nf6 21. Bd3 Nd7 22.
Qh5 Nxe5 23. Bxe5 Bf6 24. Bxf6 Qxf6 25. dxc5 bxc5 26. Qf5 Qb6 27. Qh7+ Kf8 28.
Qh8+ Ke7 29. Qxg7 Rg8 30. Qe5+ Kf8 31. g3 Re8 32. Qf4 Qc6 33. Qf3 Qc7 34. Qf4
Qc6 35. Qf3 Qc8 36. Bf5 Qc7 37. Qf4 Qc6 38. f3 Rg5 39. h4 Rg7 40. Kh2 Qb6 41.
Rf2 Bc6 42. Qd6+ Kg8 43. Qxc5 Qc7 44. Rg2 Qe5 45. Qxc6 Re7 46. Qa8+ Re8 47. Rc8
Qxf5 48. Rxe8+ Kh7 49. Rd8 Qxf3 50. Qxd5 Qxe3 51. Qd3+ Qxd3 52. Rxd3 {Black
resigns} 1-0

[Event "Team 45 45 League T48"]
[Site "Internet Chess Club"]
[Date "2011.02.12"]
[Round "1"]
[White "bmw2002"]
[Black "oldsj"]
[Result "0-1"]
[WhiteElo "1523"]
[BlackElo "1617"]
[Opening "English, 1...Nf6 (Anglo-Indian defense)"]
[ECO "A15"]
[Time "08:09:12"]
[TimeControl "2700+45"]

1. c4 Nf6 2. g3 g6 3. Bg2 Bg7 4. Nc3 d6 5. Nf3 O-O 6. O-O c5 7. d3 Nc6 8. a3 Bd7
9. Rb1 Qc8 10. Re1 Ne8 11. Bd2 Nc7 12. Qc1 Nd4 13. Nxd4 cxd4 14. Ne4 Bc6 15. c5
dxc5 16. Qxc5 Qd7 17. Rec1 Ne6 18. Qc2 Rac8 19. Qb3 Rc7 20. Bh3 Nc5 21. Bxd7
Nxb3 22. Rxc6 bxc6 23. Bg4 f5 24. Bf4 Rb7 25. Bf3 fxe4 26. Bxe4 e5 27. Bg5 Rc7
28. f4 Nd2 29. Rc1 Nxe4 {White resigns} 0-1

[Event "Team 45 45 League T48"]
[Site "Internet Chess Club"]
[Date "2011.02.13"]
[Round "1"]
[White "Warpdrive"]
[Black "BrerRabbit"]
[Result "1/2-1/2"]
[WhiteElo "1569"]
[BlackElo "1588"]
[Opening "Pirc: classical system, 5.Be2"]
[ECO "B07"]
[Time "19:03:25"]
[TimeControl "2700+45"]

1. e4 d6 2. d4 Nf6 3. Nc3 g6 4. Be2 Bg7 5. Nf3 O-O 6. O-O Nc6 7. h3 e5 8. dxe5
dxe5 9. a3 a5 10. Be3 b6 11. Qxd8 Rxd8 12. Rfd1 Bb7 13. Nd2 Nd4 14. Bd3 Rd7 15.
Nb5 Nxb5 16. Bxb5 Rdd8 17. f3 Nd7 18. Nb1 Nf8 19. Nc3 Ne6 20. Ne2 Bf8 21. c3 Bc5
22. Kf2 Kf8 23. Bc4 Ke7 24. Bxe6 Bxe3+ 25. Kxe3 Kxe6 26. c4 Rab8 27. Nc3 c6 28.
Rxd8 Rxd8 29. Rd1 Rxd1 30. Nxd1 Ba6 31. Kd3 Kd6 32. b4 axb4 33. axb4 b5 34. c5+
Ke7 35. Ne3 Bc8 36. h4 f5 37. g3 Be6 38. h5 f4 39. hxg6 hxg6 40. gxf4 exf4 41.
Ng2 g5 42. Ke2 Kf6 43. Ne1 Ke5 44. Kd2 Kd4 45. Nd3 Bc4 46. Nf2 Be6 47. Nd3 Bh3
48. Nf2 Be6 49. Nd3 Bf7 50. Nf2 Bh5 51. Ke2 Kc4 52. e5 Kxb4 53. Ne4 Kc4 54. Nxg5
Kd5 55. e6 Kxc5 56. Ne4+ Kd4 57. Nf6 Bg6 58. e7 Kc3 59. Kd1 Kd3 60. Ng4 Kc3 61.
Nf6 b4 62. e8=Q Bxe8 63. Nxe8 Kd3 64. Nc7 Ke3 65. Na6 b3 66. Nc5 b2 67. Kc2
b1=Q+ 68. Kxb1 Kxf3 69. Kc2 Ke3 70. Kc3 f3 71. Nd3 c5 72. Kc4 Ke2 73. Nc1+ Kd2
74. Nd3 Ke3 75. Kc3 Ke2 76. Nc1+ Ke3 77. Nd3 Ke2 {Game drawn by mutual
agreement} 1/2-1/2

[Event "Team 45 45 League T48"]
[Site "Internet Chess Club"]
[Date "2011.02.12"]
[Round "1"]
[White "SpeedBlade"]
[Black "rom1"]
[Result "1/2-1/2"]
[WhiteElo "1478"]
[BlackElo "1521"]
[Opening "English, 1...Nf6 (Anglo-Indian defense)"]
[ECO "A15"]
[Time "14:00:48"]
[TimeControl "2700+45"]

1. c4 Nf6 2. g3 g6 3. Bg2 Bg7 4. Nc3 O-O 5. d3 Nc6 6. e4 d6 7. Nge2 e5 8. O-O
Bd7 9. h3 h6 10. Be3 a6 11. Qd2 Kh7 12. f4 exf4 13. Nxf4 g5 14. Nfd5 Nxd5 15.
Nxd5 Nd4 16. Rf2 c6 17. Nc3 Qe7 18. Raf1 Be5 19. Kh2 Be6 20. Ne2 c5 21. Qd1 Kg7
22. Nxd4 cxd4 23. Bd2 Qd7 24. Qh5 f6 25. Qd1 {Game drawn by mutual agreement}
1/2-1/2

[Event "Team 45 45 League T48"]
[Site "Internet Chess Club"]
[Date "2011.02.11"]
[Round "1"]
[White "MtzKid"]
[Black "razavi"]
[Result "1-0"]
[WhiteElo "1665"]
[BlackElo "2082"]
[Opening "Scotch gambit: Dubois-Réti defense"]
[ECO "C55"]
[Time "17:00:56"]
[TimeControl "2700+45"]

1. e4 e5 2. Nf3 Nc6 3. d4 exd4 4. Bc4 Nf6 5. e5 d5 6. Bb5 Ne4 7. Nxd4 Bd7 8.
Bxc6 bxc6 9. O-O Bc5 10. f3 Ng5 11. f4 Ne4 12. Be3 Rb8 13. Nc3 Nxc3 14. bxc3 O-O
15. f5 Qe7 16. Qd2 Qxe5 17. Bf4 Qf6 18. Bg5 Qd6 19. Bf4 Qe7 20. f6 gxf6 21. Rae1
Qd8 22. Bh6 Re8 23. Qf4 Bd6 24. Rxe8+ Qxe8 25. Qxf6 Be5 26. Qg5+ Kh8 27. h4 Rb2
28. Re1 f5 29. Nf3 Qg6 30. Nxe5 Qxg5 31. hxg5 Be8 32. Ng4 Bg6 33. Nf6 Bf7 34.
Re7 {Black resigns} 1-0

[Event "Team 45 45 League T48"]
[Site "Internet Chess Club"]
[Date "2011.02.12"]
[Round "1"]
[White "subterfuge"]
[Black "Magagna"]
[Result "0-1"]
[WhiteElo "1820"]
[BlackElo "1896"]
[Opening "Nimzo-Indian: classical, 4...c5"]
[ECO "E38"]
[Time "19:07:23"]
[TimeControl "2700+45"]

1. d4 Nf6 2. c4 e6 3. Nc3 Bb4 4. Qc2 c5 5. e3 Nc6 6. Nf3 O-O 7. Bd3 d6 8. a3
Bxc3+ 9. Qxc3 Qc7 10. O-O e5 11. dxe5 dxe5 12. Qc2 Re8 13. Ng5 h6 14. Ne4 Nxe4
15. Bxe4 Be6 16. b3 Rad8 17. Bb2 Na5 18. Rfd1 b5 19. Bd5 Bxd5 20. cxd5 c4 21.
Rac1 Rd7 22. bxc4 Qxc4 23. Qb1 Qg4 24. f3 Qg5 25. Rc3 a6 26. Bc1 Nc4 27. a4 Nd6
28. Rc6 e4 29. f4 Qg4 30. Qb3 bxa4 31. Qxa4 Nb5 32. h3 Qh5 33. g4 Qxh3 34. Rc2
Qxg4+ 35. Rg2 Nc3 36. Rxg4 Nxa4 37. Rd4 Nc3 38. Kf2 Rxd5 39. Rc4 Nb5 40. Kg3 Nd6
41. Rc6 Nf5+ 42. Kh3 a5 43. Bb2 Rd1 44. Rc3 h5 45. Rg5 g6 46. Kh2 Red8 47. Bc1
a4 48. Rc2 a3 49. Bxa3 R8d2+ 50. Rg2 Rxg2+ 51. Rxg2 Nxe3 52. Ra2 Ng4+ 53. Kg3
Rd3+ 54. Kh4 e3 55. Bb2 Rd8 56. Kg5 Nf2 57. Be5 Nh3+ 58. Kf6 Re8 59. f5 Nf2 60.
fxg6 Ng4+ {White resigns} 0-1

[Event "Team 45 45 League T48"]
[Site "Internet Chess Club"]
[Date "2011.02.11"]
[Round "1"]
[White "TwoEqualsOne"]
[Black "noblitz-oblige"]
[Result "1/2-1/2"]
[WhiteElo "1577"]
[BlackElo "1706"]
[Opening "Kevitz-Trajkovich defense"]
[ECO "A50"]
[Time "20:36:27"]
[TimeControl "2700+45"]

1. d4 Nf6 2. c4 Nc6 3. Nc3 e5 4. dxe5 Nxe5 5. e4 Bc5 6. h3 h6 7. Nf3 Nxf3+ 8.
Qxf3 O-O 9. Bd3 d6 10. O-O Bd7 11. Kh1 Re8 12. Nd5 Bd4 13. Rb1 c6 14. Ne3 Nh7
15. Nf5 Be5 16. Qg4 Kh8 17. f4 Bf6 18. Qf3 Bxf5 19. exf5 Bd4 20. g4 Qh4 21. Bd2
Re7 22. Be1 Qf6 23. Bf2 Rae8 24. Rfe1 Rxe1+ 25. Rxe1 Rxe1+ 26. Bxe1 Bxb2 27. Qe2
Kg8 28. h4 Qd4 29. Bd2 Ba3 30. Be3 Qa1+ 31. Kg2 a6 32. g5 Qb2 33. Bc2 Qxa2 34.
gxh6 Qb2 35. hxg7 Qxg7+ 36. Kh3 Nf6 37. Bd4 Qh6 38. Qe7 Nh5 39. f6 Nxf4+ 40. Kg4
Ng6 41. Qe8+ Qf8 42. Qe3 Bc5 43. Bxc5 dxc5 44. Qg5 Kh8 45. Qh5+ {Game drawn by
mutual agreement} 1/2-1/2

[Event "Team 45 45 League T48"]
[Site "Internet Chess Club"]
[Date "2011.02.11"]
[Round "1"]
[White "daniguti"]
[Black "DARKwizard1"]
[Result "1-0"]
[WhiteElo "1694"]
[BlackElo "1982"]
[Opening "KP: Nimzovich defense"]
[ECO "B00"]
[Time "20:01:07"]
[TimeControl "2700+45"]

1. e4 Nc6 2. Nf3 d6 3. d4 g6 4. c3 Bg7 5. Bd3 e5 6. d5 Nce7 7. O-O f5 8. c4 Nf6
9. Nc3 O-O 10. Qb3 b6 11. Re1 h6 12. Qc2 f4 13. h3 g5 14. b4 a5 15. bxa5 Rxa5
16. a4 Ng6 17. Nb5 Nh7 18. Bd2 Ra6 19. a5 h5 20. axb6 cxb6 21. Bb4 g4 22. hxg4
hxg4 23. Nd2 Rxa1 24. Rxa1 g3 25. f3 Qh4 26. Nf1 Ng5 27. Nxd6 Bg4 28. Be2 Bh3
29. Bd1 Qh5 30. Ra7 Rf6 31. Ne8 Rf7 32. Rxf7 Kxf7 33. Qa4 Nh4 34. Qa7+ {Black
resigns} 1-0

[Event "Team 45 45 League T48"]
[Site "Internet Chess Club"]
[Date "2011.02.14"]
[Round "1"]
[White "kidviper"]
[Black "Schack"]
[Result "1/2-1/2"]
[WhiteElo "1895"]
[BlackElo "1708"]
[Opening "QGD: Chigorin defense"]
[ECO "D07"]
[Time "14:00:56"]
[TimeControl "2700+45"]

1. d4 d5 2. c4 Nc6 3. Nc3 Nf6 4. cxd5 Nxd5 5. e4 Nxc3 6. bxc3 e5 7. d5 Nb8 8.
Nf3 Bd6 9. Be3 O-O 10. Bd3 Nd7 11. O-O Qe7 12. c4 f5 13. Qc2 f4 14. Bd2 g5 15.
Bc3 g4 16. Nd2 Qg5 17. f3 g3 18. h3 Bc5+ 19. Kh1 Nf6 20. Nb3 Bf2 21. Rxf2 gxf2
22. Qxf2 Nh5 23. Nd2 Ng3+ 24. Kh2 Rf6 25. c5 Rh6 26. Nf1 Rg6 27. Bc4 Bd7 28. Rb1
b6 29. c6 Be8 30. a4 Bf7 31. Bd3 Rd8 32. Bc4 Re8 33. Ba2 Rd8 34. Nd2 h5 35. Nc4
Re8 36. Na3 a6 37. Bc4 a5 38. Ba6 h4 39. Bb2 Ra8 40. Bb7 Rd8 41. Ra1 Kh7 42. Nb5
Rdg8 43. Rg1 Nh5 44. Kh1 Ng3+ 45. Kh2 Qe7 46. Ba3 Qd8 47. Nc3 Qg5 48. Ne2 Nxe2
49. Qxe2 Qg3+ 50. Kh1 Rd8 51. Be7 Re8 52. Ba3 Rd8 53. Be7 Re8 54. Ba3 Rd8 {Game
drawn by repetition} 1/2-1/2

[Event "Team 45 45 League T48"]
[Site "Internet Chess Club"]
[Date "2011.02.13"]
[Round "1"]
[White "az2112"]
[Black "ferrari9182"]
[Result "0-1"]
[WhiteElo "1758"]
[BlackElo "1941"]
[Opening "King's Indian: fianchetto, Uhlmann (Szabo) variation"]
[ECO "E62"]
[Time "12:01:35"]
[TimeControl "2700+45"]

1. d4 Nf6 2. Nf3 g6 3. g3 Bg7 4. Bg2 O-O 5. O-O d6 6. c4 Nc6 7. Nc3 e5 8. d5 Ne7
9. e4 a6 10. b4 Nd7 11. Be3 f5 12. exf5 gxf5 13. c5 f4 14. gxf4 exf4 15. Bd4 Ne5
16. Ne4 Bg4 17. Neg5 Qd7 18. Qc2 Nf5 19. c6 bxc6 20. dxc6 Qe7 21. Nxe5 dxe5 22.
Bd5+ Kh8 23. h4 Rad8 24. Bc5 Qf6 25. Bxf8 Bxf8 26. Nf7+ Kg7 27. Nxd8 Qxd8 28.
Qe4 Bd6 29. Qg2 Qxh4 30. Bf3 h5 31. Rfe1 Nd4 32. Bxg4 hxg4 33. Re4 Nf3+ 34. Kf1
Nd2+ 35. Ke2 f3+ 36. Kxd2 fxg2 37. Ke2 Qh3 38. Re3 Qh1 {White resigns} 0-1

[Event "Team 45 45 League T48"]
[Site "Internet Chess Club"]
[Date "2011.02.18"]
[Round "1"]
[White "kidcobra"]
[Black "Tamarin"]
[Result "1/2-1/2"]
[WhiteElo "1766"]
[BlackElo "1696"]
[Opening "Giuoco Piano"]
[ECO "C50"]
[Time "18:00:09"]
[TimeControl "2700+45"]

1. e4 e5 2. Nf3 Nc6 3. Bc4 Bc5 4. O-O Nf6 5. Nc3 d6 6. h3 Be6 7. Bb3 O-O 8. d3
h6 9. Be3 Bb6 10. Bxb6 axb6 11. d4 Bxb3 12. cxb3 exd4 13. Nxd4 Qd7 14. Re1 Nxd4
15. Qxd4 Ra5 16. Ne2 Rg5 17. Ng3 Nh5 18. Nxh5 Rxh5 19. Qd3 Re8 20. Re3 d5 21.
exd5 Rxe3 22. Qxe3 Rxd5 23. Qc3 Rd3 24. Qc2 c6 25. Re1 Kf8 26. Re3 Rd1+ 27. Kh2
Rd2 28. Qh7 Qd6+ 29. Rg3 g5 30. Qh8+ Ke7 31. Qc3 Kd7 32. Qf3 Ke6 33. Qg4+ f5 34.
Qc4+ Ke7 35. Qc3 f4 36. Qg7+ Ke8 37. Qg8+ Kd7 38. Qf7+ Kc8 39. Qg8+ Kc7 40. Qg7+
Kb8 41. Rf3 Rd3 42. Rxd3 Qxd3 43. Qxh6 Qf5 44. Qh8+ Ka7 45. Qc3 Qe4 46. Qc4 Qe5
47. Qc1 f3+ 48. Kg1 fxg2 49. Kxg2 Qe4+ 50. Kg3 Qh4+ 51. Kg2 Qe4+ 52. Kg3 Qh4+
53. Kg2 Qe4+ {Game drawn by repetition} 1/2-1/2

[Event "Team 45 45 League T48"]
[Site "Internet Chess Club"]
[Date "2011.02.11"]
[Round "1"]
[White "VietLion"]
[Black "mickeys"]
[Result "0-1"]
[WhiteElo "1879"]
[BlackElo "1957"]
[Opening "French: Fort Knox variation"]
[ECO "C10"]
[Time "15:32:32"]
[TimeControl "2700+45"]

1. e4 e6 2. d4 d5 3. Nc3 dxe4 4. Nxe4 Bd7 5. Nf3 Bc6 6. Bd3 Nd7 7. O-O Ngf6 8.
Re1 Nxe4 9. Bxe4 Bxe4 10. Rxe4 Nf6 11. Re1 Bd6 12. c4 c6 13. Bg5 h6 14. Bh4 g5
{White resigns} 0-1

[Event "Team 45 45 League T48"]
[Site "Internet Chess Club"]
[Date "2011.02.10"]
[Round "1"]
[White "pishd"]
[Black "amanileo"]
[Result "1-0"]
[WhiteElo "1688"]
[BlackElo "1798"]
[Opening "Queen's pawn game, Darooha variation "]
[ECO "D13"]
[Time "06:12:10"]
[TimeControl "2700+45"]

1. d4 d5 2. Nf3 Nf6 3. c4 c6 4. cxd5 Nxd5 5. e4 Nf6 6. Nc3 e6 7. Be2 Bb4 8. Qc2
O-O 9. O-O Nbd7 10. a3 Be7 11. b4 a5 12. b5 c5 13. Bb2 b6 14. Rfd1 Bb7 15. Ne5
cxd4 16. Rxd4 Bc5 17. Nxd7 Bxd4 18. Nxf8 Qxf8 19. Na4 Rc8 20. Qb3 Bxb2 21. Qxb2
Qd8 22. f3 Nd7 23. Rd1 Qc7 24. Rxd7 Qxd7 25. Nxb6 Qc7 26. Nxc8 Qxc8 27. Qd2 Qc5+
28. Kf1 h6 29. Qd3 Qc1+ 30. Kf2 Qc5+ 31. Qe3 Qe7 32. g3 h5 33. Qa7 Qc7 34. Qd4
e5 35. Qe3 Qd6 36. Kg2 Qd7 37. Qc3 f6 38. Qxa5 Qd4 39. Qe1 g6 40. Qd1 Qb6 41.
Qb3+ Kg7 42. a4 f5 43. a5 Qd4 44. Qd3 Qa7 45. Qd7+ Kh6 46. Qd2+ g5 47. Qd6+ Kg7
48. Qxe5+ Kf7 {Black resigns} 1-0

[Event "Team 45 45 League T48"]
[Site "Internet Chess Club"]
[Date "2011.02.10"]
[Round "1"]
[White "Bacon1290"]
[Black "cknights"]
[Result "0-1"]
[WhiteElo "1705"]
[BlackElo "1925"]
[Opening "Sicilian: Najdorf, 7...Be7 main line"]
[ECO "B99"]
[Time "19:00:18"]
[TimeControl "2700+45"]

1. e4 c5 2. Nf3 d6 3. d4 cxd4 4. Nxd4 Nf6 5. Nc3 a6 6. Bg5 e6 7. f4 Be7 8. Qf3
Qc7 9. O-O-O Nbd7 10. g4 b5 11. Bxf6 gxf6 12. Bg2 Bb7 13. h4 Rc8 14. Qe2 Nb6 15.
e5 Bxg2 16. exd6 Bxd6 17. Qxg2 Bxf4+ 18. Kb1 Nc4 19. Rhe1 Nxb2 20. Nxe6 fxe6 21.
Rxe6+ Kf7 22. Qd5 Nxd1 23. Rc6+ Kf8 24. Rxc7 Nxc3+ 25. Rxc3 Rxc3 26. Qd8+ Kg7
27. Qe7+ Kg6 28. h5+ Kg5 29. Qg7+ Kh4 30. Qxf6+ Bg5 31. Qxc3 Rd8 32. Qf3 Rd2 33.
Kb2 b4 34. Kb3 a5 35. Ka4 Rxc2 36. Qh1+ Kg3 37. Qe1+ Kh3 38. Qf1+ Kh4 39. Qe1+
Kh3 40. Qh1+ Kg3 41. Qg1+ Rg2 42. Qe1+ Kh3 43. Kxa5 Rxa2+ 44. Kxb4 Bd2+ {White
resigns} 0-1

[Event "Team 45 45 League T48"]
[Site "Internet Chess Club"]
[Date "2011.02.15"]
[Round "1"]
[White "cosen"]
[Black "RD1974"]
[Result "1-0"]
[WhiteElo "1718"]
[BlackElo "1704"]
[Opening "Scandinavian: Pytel-Wade variation"]
[ECO "B01"]
[Time "18:05:35"]
[TimeControl "2700+45"]

1. e4 d5 2. exd5 Qxd5 3. Nc3 Qd6 4. Nf3 Nf6 5. d4 a6 6. h3 Nbd7 7. Bc4 b5 8. Bb3
Bb7 9. Be3 e6 10. O-O Be7 11. a3 O-O 12. Qe2 Rfe8 13. Rad1 Rad8 14. Rfe1 Qb6 15.
d5 c5 16. dxe6 fxe6 17. Ng5 Nf8 18. Rxd8 Rxd8 19. f3 Qc6 20. Nge4 c4 21. Ba2 Nd5
22. Nd1 Bh4 23. g3 Be7 24. b3 cxb3 25. Bxb3 Bxa3 26. Bd2 Be7 27. Ndc3 Nf6 28.
Kg2 Bb4 29. Nxf6+ gxf6 30. Ne4 Bxd2 31. Nxd2 Kf7 32. Ne4 f5 33. Ng5+ Kg6 34.
Nxe6 Nxe6 35. Qxe6+ Qxe6 36. Rxe6+ Kh5 37. g4+ Kg5 38. Kg3 f4+ 39. Kf2 Rd2+ 40.
Ke1 Rd7 41. Kf2 h5 42. Re5+ Kg6 43. Rxh5 Re7 44. Rf5 b4 45. Rxf4 a5 46. h4 Bc6
47. Rf5 a4 48. h5+ Kg7 49. Bc4 Rd7 50. h6+ Kg6 51. Kg3 a3 52. Bb3 Ra7 53. Rc5
Ba4 54. Ba2 Rb7 55. g5 b3 56. cxb3 Bxb3 57. Bxb3 Rxb3 58. Ra5 Rb7 59. Kg4 Rb4+
60. f4 Rb3 61. Ra7 a2 62. Rg7# {Black checkmated} 1-0

[Event "Team 45 45 League T48"]
[Site "Internet Chess Club"]
[Date "2011.02.12"]
[Round "1"]
[White "chessateer"]
[Black "UsuallySleepy"]
[Result "1/2-1/2"]
[WhiteElo "1872"]
[BlackElo "1833"]
[Opening "Réti: King's Indian attack, Spassky's variation"]
[ECO "A05"]
[Time "08:02:25"]
[TimeControl "2700+45"]

1. Nf3 Nf6 2. g3 b5 3. Bg2 Bb7 4. O-O e6 5. d4 c5 6. Bg5 cxd4 7. Nxd4 Bxg2 8.
Kxg2 a6 9. e3 Nc6 10. Nxc6 dxc6 11. Qf3 Qd5 12. Nc3 Qxf3+ 13. Kxf3 Nd5 14. Nxd5
cxd5 15. e4 dxe4+ 16. Kxe4 Bc5 17. Rad1 h6 18. Be3 Bxe3 19. Kxe3 Ke7 20. Rd2
Rhd8 21. Rfd1 Rxd2 22. Rxd2 Rc8 23. c3 e5 24. h4 f5 {Game drawn by mutual
agreement} 1/2-1/2